 Dungeon Crawl Stone Soup version 0.31.0-1-g2c135a0 (webtiles) character file.

Game seed: 16509349060642663036

2492 vanzer the Cruncher (level 9, -5/106 HPs)
             Began as a Barachi Berserker on Mar 31, 2024.
             Was a Priest of Trog.
             Slain by a steam dragon (8 damage)
             ... on level 8 of the Dungeon on Apr 1, 2024.
             The game lasted 01:28:00 (8014 turns).

vanzer the Cruncher (Barachi Berserker)             Turns: 8014, Time: 01:28:01

Health: -5/106     AC: 13    Str: 21    XL:     9   Next: 52%
Magic:  9/9        EV: 13    Int:  7    God:    Trog [***...]
Gold:   526        SH:  9    Dex: 19    Spells: 8/8 levels left

rFire   + . .        V - +2 mace "Frog's Peril" {venom, rC+}
rCold   + + +        s - +0 kite shield
rNeg    . . .        J - +4 leather armour "Pethruir" {-Tele rPois Will+ Dex+5}
rPois   +            m - +1 hat
rElec   .            x - scarf {rC+ rF+}
rCorr   +            U - +0 pair of gloves
SInv    .            H - +2 pair of boots
Will    +++..        k - amulet of the acrobat Stlth
                     B - ring of resist corrosion
HPRegen 1.37/turn    b - ring of protection from cold
MPRegen 0.11/turn

%: no teleportation, acrobat
@: berserking (expiring), strong-willed (expiring), regenerating (expiring),
quick
A: amphibious, slowness 1, strong legs 1, +LOS
a: Hop, Renounce Religion, Berserk, Trog's Hand


You were on level 8 of the Dungeon.
You worshipped Trog.
Trog was most pleased with you.
You visited 1 branch of the dungeon, and saw 8 of its levels.

You collected 526 gold pieces.

Inventory:

Hand Weapons
 c - a +0 lajatang
 f - a +0 whip
 l - a +0 short sword
 r - a +0 dagger of holy wrath
 y - a +0 antimagic short sword
 V - the +2 mace "Frog's Peril" (weapon) {venom, rC+}
   (You found it on level 7 of the Dungeon)

   rC+:       It protects you from cold.
 W - a +2 whip of electrocution
Missiles
 n - 5 atropa-tipped darts
 O - 3 curare-tipped darts
 X - 7 poisoned darts
Armour
 m - a +1 hat (worn)
 s - a +0 kite shield (worn)
 v - a +1 ring mail of cold resistance
 x - a scarf of resistance (worn)
 H - a +2 pair of boots (worn)
 J - the +4 leather armour "Pethruir" (worn) {-Tele rPois Will+ Dex+5}
   (You found it on level 4 of the Dungeon)

   Dex+5:     It affects your dexterity (+5).
   rPois:     It protects you from poison Will+: It increases your willpower.
   -Tele:     It prevents most forms of teleportation.
 U - a +0 pair of gloves (worn)
Jewellery
 b - a ring of protection from cold (right hand)
 k - an amulet of the acrobat (around neck)
 B - a ring of resist corrosion (left hand)
Talismans
 P - a maw talisman
Wands
 g - a wand of iceblast (4)
 C - a wand of flame (38)
 G - a wand of digging (8) (quivered)
 Q - a wand of paralysis (16)
Scrolls
 d - 8 scrolls of identify
 h - a scroll of noise
 i - 2 scrolls of immolation {unknown}
 j - a scroll of amnesia {unknown}
 q - 3 scrolls of enchant weapon {unknown}
 t - 2 scrolls of silence {unknown}
 u - 2 scrolls of vulnerability {unknown}
 E - 3 scrolls of enchant armour {unknown}
 F - a scroll of fear {unknown}
 K - 2 scrolls of blinking {unknown}
 L - 3 scrolls of teleportation
 S - a scroll of butterflies {unknown}
 T - a scroll of brand weapon {unknown}
Potions
 p - a potion of brilliance {unknown}
 w - 2 potions of heal wounds {unknown}
 z - a potion of lignification {unknown}
 A - 4 potions of degeneration
 D - 2 potions of enlightenment
 I - 3 potions of curing
 M - 3 potions of mutation {unknown}
 N - 2 potions of resistance {unknown}
 R - a potion of invisibility {unknown}


   Skills:
 + Level 6.8 Fighting
 + Level 4.2 Long Blades
 + Level 3.4(6.8) Maces & Flails
 + Level 9.2(9.5) Staves
 + Level 5.4 Armour
 + Level 5.3 Dodging
 + Level 2.1 Stealth
 + Level 1.5 Shields


You had 8 spell levels left.
You didn't know any spells.
Your spell library contained the following spells:

 Spells                   Type           Power      Damage    Failure   Level
 Apportation              Tloc           0%         N/A       80%         1
 Jinxbite                 Hex            0%         N/A       90%         2
 Lesser Beckoning         Tloc           0%         N/A       90%         2
 Gell's Gravitas          Tloc           0%         N/A       99%         3
 Inner Flame              Hex/Fire       0%         N/A       99%         3
 Teleport Other           Tloc           0%         N/A       99%         3
 Tukima's Dance           Hex            0%         N/A       99%         3
 Passage of Golubria      Tloc           0%         N/A       100%        4
 Alistair's Intoxication  Alch           0%         N/A       100%        5
 Irradiate                Conj/Alch      0%         3d11      100%        5
 Yara's Violent Unravell  Hex/Alch       0%         3d3       100%        5
 Ignition                 Fire           0%         3d3       100%        8


Dungeon Overview and Level Annotations

Branches:
Dungeon (8/15)             Temple (0/1) D:4
   Lair: D:8-11

Altars:
Cheibriados
Gozag
Hepliaklqana
Nemelex Xobeh
Qazlal
Uskayaw
Wu Jian

Shops:
D:4 (=*[   D:6 *


Innate Abilities, Weirdness & Mutations

You are amphibious.
You cover ground slowly.
You can hop short distances.
You have an extended range of vision and can be seen from far away.


Message History

Your skin crawls.
You feel strong-willed. The steam dragon bites you!
The steam dragon closely misses you. Something hits you but does no damage.
Something bites you.
Something draws strength from your injuries!
A red film seems to cover your vision as you go berserk!
You feel yourself moving faster!
You feel mighty! The steam dragon bites you.
You block the steam dragon's attack. Something draws life force from you.
You miss something. You block the steam dragon's attack. x2
Something hits you. You block something's attack.
You sock the steam dragon!
The steam dragon is poisoned.
The steam dragon is moderately wounded.
The steam dragon breathes steam at you. The ball of steam hits you. You resist.
Something draws life force from you!!
* * * LOW HITPOINT WARNING * * *
You feel a strong urge to attack something.
Something misses you. Something completely misses you.
You closely miss something. Something hits you but does no damage.
You block something's attack.
You hit something but do no damage. Something draws life force from you!
* * * LOW HITPOINT WARNING * * *
You sock something! Something hits you but does no damage.
You block something's attack.
You bludgeon something!! Trog accepts your kill.
Trog appreciates your killing of a magic user.
Reactivating autopickup.
You feel a bit more experienced.
Your base Maces & Flails skill increases to level 3!
You barely miss the steam dragon.
The steam dragon is moderately wounded.
The steam dragon breathes steam at you. The ball of steam hits you. You resist.
* * * LOW HITPOINT WARNING * * *
You thump the steam dragon!
The steam dragon looks as sick as possible!
The steam dragon is severely wounded.
You feel the effects of Trog's Hand fading.
The steam dragon bites you!
You die...

###.#.#..###
......##...######
###....###......### ###....#
#........# ..#....#
#........# . ..#....# #.#
#....# .. ..'....#
#.###§§§.# ...
###....###...#..§§## ..D.
.......††.....§§@§.# .$...
############.####D####......
....# #.......# ###..#
#.......# #..# #.......#
##.# #.......# . .#
#####...# ≈ .. ..... ~ .#
.#####


You could see a steam dragon (extremely poisoned).

Vanquished Creatures
  A wyvern (D:8)
  A vampire (D:8)
  3 steam dragons
  A water moccasin (D:5)
  2 ice beasts
  3 black bears
  A sky beast (D:7)
  2 ogres (D:5)
  A phantom (D:6)
  A kobold brigand (D:7)
  2 bullfrogs
  A bombardier beetle (D:7)
  2 jellies
  4 orc priests (D:5)
  4 hounds
  3 iguanas
  3 orc wizards
  A sleepcap (D:6)
  7 gnolls
  10 adders
  A white imp (D:5)
  8 ufetubi (D:6)
  A dart slug (D:4)
  A ribbon worm (D:4)
  18 orcs
  7 ball pythons
  4 endoplasms
  8 giant cockroaches
  3 goblins
  2 hobgoblins
  4 jackals (D:4)
  2 quokkas
  2 frilled lizards
  9 kobolds
  4 rats
127 creatures vanquished.

Notes
Turn   | Place    | Note
-------+----------+-------------------------------------------
     0 | D:1      | vanzer the Barachi Berserker began the quest for the Orb.
     0 | D:1      | Reached XP level 1. HP: 18/18 MP: 1/1
   557 | D:1      | Reached XP level 2. HP: 25/25 MP: 2/2
   963 | D:1      | Reached XP level 3. HP: 11/30 MP: 3/3
  1023 | D:2      | Reached skill level 1 in Staves
  1390 | D:2      | Reached XP level 4. HP: 37/37 MP: 4/4
  1401 | D:2      | Reached skill level 2 in Staves
  1558 | D:2      | Reached ** piety under Trog
  2760 | D:3      | Found a hide-covered altar of Uskayaw.
  2912 | D:3      | Reached XP level 5. HP: 29/42 MP: 5/5
  3358 | D:3      | Found a sparkling altar of Nemelex Xobeh.
  3862 | D:4      | Reached skill level 3 in Staves
  3878 | D:4      | Found Hyse's Antique Armour Shoppe.
  3953 | D:4      | Found Othriyh's General Store.
  3957 | D:4      | Identified the +4 leather armour "Pethruir" {-Tele rPois
                  | Will+ Dex+5}
  4032 | D:4      | Reached XP level 6. HP: 49/49 MP: 6/6
  4037 | D:4      | Found a snail-covered altar of Cheibriados.
  4159 | D:4      | Found an ornate altar of the Wu Jian Council.
  4161 | D:4      | Found a stormy altar of Qazlal.
  4234 | D:4      | Reached skill level 4 in Staves
  4252 | D:4      | Found Diylupt's Weapon Shoppe.
  4371 | D:4      | Found Ceggiyli's Jewellery Boutique.
  4388 | D:4      | Found a staircase to the Ecumenical Temple.
  4789 | D:5      | Entered Level 5 of the Dungeon
  4981 | D:5      | Found Obyr's Antique Armour Emporium.
  4997 | D:5      | Reached skill level 5 in Staves
  5057 | D:5      | Reached XP level 7. HP: 28/55 MP: 7/7
  5067 | D:5      | Reached skill level 5 in Fighting
  5133 | D:5      | Reached skill level 6 in Staves
  5218 | D:5      | Reached skill level 1 in Stealth
  5338 | D:5      | Reached skill level 7 in Staves
  5338 | D:5      | Reached XP level 8. HP: 40/63 MP: 8/8
  5433 | D:5      | Found an opulent altar of Gozag.
  5835 | D:6      | Reached *** piety under Trog
  5943 | D:6      | Found a hazy altar of Hepliaklqana.
  6310 | D:6      | Found Pugage's Fire Supplies.
  6466 | D:6      | Reached skill level 8 in Staves
  7260 | D:7      | Reached skill level 9 in Staves
  7260 | D:7      | Reached XP level 9. HP: 69/70 MP: 9/9
  7323 | D:7      | Identified the +2 mace "Frog's Peril" {venom, rC+}
  7390 | D:7      | Reached skill level 5 in Dodging
  7508 | D:7      | Reached skill level 5 in Armour
  7626 | D:7      | Reached skill level 1 in Maces & Flails
  7968 | D:8      | Reached skill level 1 in Shields
  8009 | D:8      | HP: 3/106 [something (14)]
  8013 | D:8      | HP: 1/106 [steam dragon/ball of steam (6)]
  8014 | D:8      | Slain by a steam dragon

Illustrated notes

Levels and vault maps discovered:
D:1:      ncdulo_lavacross, layout_basic
D:2:      layout_loops_ring, minivault_23, minmay_shallow_snake_nest,
          uniq_crazy_yiuf_cottage
D:3:      layout_rooms, nicolae_uskayaw_murder_on_the_dancefloor,
          nemelex_diamond_rough_becter, kennysheep_generic_room_7
D:4:      layout_loops_ring, overflow_temple_1_default,
          chequers_temple_overflow_statue_of_worship,
          minmay_temple_entry_gardened_gates, serial_shops,
          nicolae_shop_gibbet_a_chance, shop, nicolae_take_the_stairs, shop,
          nicolae_figureground_pulse
D:5:      layout_loops_cross, nicolae_gozag_cash_rules_everything_around_me,
          serial_shops, shop_fountains
D:6:      layout_loops_ring, amcnicky_altar_gilded, nicolae_shop_fire_sale
          [nicolae_sub_dead_trees]
D:7:      layout_loops_ring
D:8:      nicolae_whirlpool, layout_basic, dpeg_oklobed_lair, enter_bailey_2

Skill      XL: |  1  2  3  4  5  6  7  8  9 |
---------------+----------------------------+-----
Fighting       | 4 5 6 |  6.8
Long Blades    | 4 |  4.2
Staves         | 1 2 3 5 7 9 |  9.2
Armour         | 3 4 5 |  5.4
Dodging        | 3 4 5 |  5.3
Stealth        | 1 2 |  2.1
Maces & Flails | 3 |  3.4
Shields        | 1 |  1.5

Action                     |  1- 3 |  4- 6 |  7- 9 || total
---------------------------+-------+-------+-------++-------
  Melee: Lajatang          |    56 |   161 |   114 ||   331
         Falchion          |     4 |       |       ||     4
         Mace              |       |       |    76 ||    76
 Invoke: Berserk           |       |     1 |     3 ||     4
         Trog's Hand       |       |       |     3 ||     3
Ability: Hop               |       |     2 |       ||     2
  Evoke: Wand              |       |     1 |       ||     1
    Use: Scroll            |     1 |       |     3 ||     4
         Potion            |     1 |       |       ||     1
   Stab: Sleeping          |       |     1 |     1 ||     2
 Armour: Ring mail         |    32 |    71 |       ||   103
         Animal skin       |     1 |       |       ||     1
         Leather armour    |       |    26 |   128 ||   154
  Dodge: Dodged            |    52 |   124 |   157 ||   333
  Block: Kite shield       |       |       |    48 ||    48
